[Event "Titled Tuesday Blitz January 31 Late 2023"]
[White "Torres Dominguez, David"]
[Black "Novikov, Evgenij"]
[WhiteFideId "2220857"]
[BlackFideId "4125380"]
[WhiteElo "1994"]
[BlackElo "2276"]
[Result "0-1"]
[Round "09"]
[TimeControl "180+2"]
[Date "2023.01.31"]
[WhiteClock "0:00:03"]
[BlackClock "0:00:13"]

1. e4 d5 2. d3 Nc6 3. exd5 Qxd5 4. Nf3 Bg4 5. Be2 e5 6. O-O O-O-O 7. Be3 Nf6 8. a3 e4 9. dxe4 Qxe4 10. Qe1 Qxc2 11. Nbd2 Qxb2 12. Nc4 Qc2 13. Rc1 Qa4 14. Nb2 Qa5 15. Bd2 Qxa3 16. Nc4 Qa2 17. Ra1 Qc2 18. Ne3 Qc5 19. Rc1 Qd6 20. Rxc6 Qxc6 21. Ne5 Qd6 22. Bxg4+ Nxg4 23. N3xg4 Qxd2 24. Qa1 Bc5 25. Nxf7 Rhf8 26. Nxd8 Rxd8 27. h3 h5 28. Ne5 Bd4 29. Qa2 Qxa2 0-1


[Site "https://www.chess.com"]

[Event "Titled Tuesday Blitz January 31 Late 2023"]
[White "Grycel, Kamil"]
[Black "Sohier, Julien"]
[WhiteFideId "1115499"]
[BlackFideId "645346"]
[WhiteElo "2315"]
[BlackElo "2214"]
[Result "1-0"]
[Round "09"]
[TimeControl "180+2"]
[Date "2023.01.31"]
[WhiteClock "0:00:27"]
[BlackClock "0:00:03"]

1. d4 d5 2. c4 dxc4 3. Nf3 Nf6 4. e3 e6 5. Bxc4 a6 6. O-O c5 7. Bb3 Nbd7 8. Nc3 Be7 9. Qe2 O-O 10. Rd1 Qc7 11. e4 cxd4 12. Nxd4 Nc5 13. Bc2 e5 14. Nf5 Bxf5 15. exf5 Rad8 16. Bg5 Rxd1+ 17. Rxd1 Rd8 18. Re1 e4 19. b4 Nd3 20. Bxd3 Rxd3 21. Bxf6 Bxf6 22. Qxd3 Bxc3 23. Qxe4 h6 24. Rc1 Qe5 25. Qxe5 Bxe5 1-0


[Site "https://www.chess.com"]

[Event "Titled Tuesday Blitz January 31 Late 2023"]
[White "Sanchez, Robert"]
[Black "Machidon, Cristi"]
[WhiteFideId "2034360"]
[BlackFideId "13904590"]
[WhiteElo "1966"]
[BlackElo "2301"]
[Result "0-1"]
[Round "09"]
[TimeControl "180+2"]
[Date "2023.01.31"]
[WhiteClock "0:00:04"]
[BlackClock "0:00:03"]

1. e4 e5 2. Nf3 Nc6 3. Bb5 Nge7 4. c3 g6 5. d4 exd4 6. cxd4 d5 7. e5 Bg7 8. O-O O-O 9. h3 a6 10. Ba4 f6 11. exf6 Bxf6 12. Bh6 Re8 13. Nc3 Nf5 14. Bxc6 bxc6 15. Bf4 Rb8 16. Rb1 c5 17. dxc5 d4 18. Ne2 Bb7 19. Ng3 Nxg3 20. Bxg3 Be4 21. Rc1 Rxb2 22. Re1 c6 23. Nd2 Bd5 24. Nc4 Rxa2 25. Nd6 Rxe1+ 26. Qxe1 d3 27. Rd1 d2 28. Qe3 Qe7 29. Qxe7 Bxe7 30. Bf4 a5 31. Rxd2 a4 32. Rxa2 Bxa2 33. Bc1 Bf6 34. Ba3 Bd4 35. Kf1 Bd5 36. f3 Kg7 37. Ke2 Kf6 38. Kd3 Bg1 39. Ne4+ Ke5 40. Bb2+ Kf4 41. Bc1+ Kf5 42. g4+ Ke5 43. Bb2+ Kf4 44. Bc1+ Kxf3 45. Ng5+ Kg3 46. Nxh7 Kxh3 47. Nf8 Bf7 48. g5 Bxc5 49. Nd7 Bd6 50. Nb8 Bd5 51. Na6 a3 52. Bxa3 Bxa3 53. Kd4 Bd6 54. Nc7 Bxc7 55. Kc5 Bd8 0-1


[Site "https://www.chess.com"]

[Event "Titled Tuesday Blitz January 31 Late 2023"]
[White "Villarreal, Agustin"]
[Black "Kleiman, Jake"]
[WhiteFideId "125687"]
[BlackFideId "2020041"]
[WhiteElo "2299"]
[BlackElo "2399"]
[Result "1-0"]
[Round "09"]
[TimeControl "180+2"]
[Date "2023.01.31"]
[WhiteClock "0:00:08"]
[BlackClock "0:00:51"]

1. d4 Nf6 2. Nf3 e6 3. c4 Bb4+ 4. Bd2 Bxd2+ 5. Nbxd2 O-O 6. g3 d6 7. Bg2 Qe7 8. O-O e5 9. e3 c5 10. Re1 e4 11. Ng5 Bf5 12. Nh3 Nc6 13. Nb3 Rad8 14. Nf4 Rfe8 15. Qe2 b6 16. a3 h6 17. Nd5 Nxd5 18. cxd5 Nb8 19. Rac1 Nd7 20. Qa6 Nf6 21. Qc4 Qd7 22. Red1 Bg4 23. Rd2 Qf5 24. a4 Bf3 25. Bf1 h5 26. h4 g5 27. hxg5 Qxg5 28. dxc5 bxc5 29. Bg2 Qf5 30. Bxf3 Qxf3 31. Qe2 Qf5 32. Kg2 Ng4 33. Rh1 Kg7 34. Rh4 Rh8 35. Na5 Rb8 36. Nc6 Rb3 37. Nxa7 Ra8 38. Nb5 Qg6 39. Nc3 Rb4 40. Rd1 Rab8 41. Rd2 Qf5 42. a5 Ra8 43. a6 Rb6 44. f3 exf3+ 45. Qxf3 Qxf3+ 46. Kxf3 Nf6 47. Ne4 Nxe4 48. Kxe4 Rb4+ 49. Kf5 Rxh4 50. gxh4 Rxa6 51. Rg2+ Kf8 52. e4 Ra1 53. Re2 Rg1 54. e5 Ke7 55. e6 Rg4 56. exf7+ Kxf7 57. Re6 Rxh4 58. Rxd6 Rd4 59. Ke5 h4 60. Rd7+ Kg6 61. Rd8 Kg7 62. Rd7+ Kg8 63. Rd8+ Kh7 64. Rd7+ Kg6 65. Rd8 Rd2 66. Rh8 Kg5 67. b3 Rd3 68. Rg8+ Kh5 69. d6 Rxb3 70. d7 Rd3 71. d8=Q Rxd8 72. Rxd8 Kg4 73. Rg8+ Kf3 74. Rh8 Kg3 75. Ke4 h3 76. Ke3 h2 77. Rg8+ Kh3 78. Kf2 c4 79. Rh8+ Kg4 80. Kg2 c3 81. Rc8 h1=Q+ 82. Kxh1 Kf3 83. Rxc3+ Ke4 84. Ra3 Kd4 85. Kg2 Ke4 86. Kf2 Kd4 87. Ke2 Kc4 88. Kd2 Kd5 89. Ke3 Ke5 90. Ra5+ Kd6 91. Ke4 Kc6 92. Kd4 Kb6 93. Rh5 Kc6 94. Rg5 Kb6 95. Kc4 Kc6 96. Rg6+ Kd7 97. Kd5 Ke7 98. Ke5 Kf7 99. Re6 Kg7 100. Rf6 Kh7 101. Kf5 Kg8 102. Kg5 Kg7 103. Rf5 Kh7 104. Rf7+ Kg8 105. Kg6 Kh8 106. Rf8# 1-0


[Site "https://www.chess.com"]

[Event "Titled Tuesday Blitz January 31 Late 2023"]
[White "Ansh M Shah"]
[Black "Aarav Dengla"]
[WhiteFideId "25033379"]
[BlackFideId "45059756"]
[WhiteElo "2171"]
[BlackElo "2343"]
[Result "1-0"]
[Round "09"]
[TimeControl "180+2"]
[Date "2023.01.31"]
[WhiteClock "0:00:21"]
[BlackClock "0:00:05"]

1. d4 d5 2. c4 e6 3. g3 dxc4 4. Bg2 c5 5. Nf3 Nc6 6. Qa4 cxd4 7. Nxd4 Qxd4 8. Bxc6+ Bd7 9. Be3 Qd6 10. Bxd7+ Qxd7 11. Qxc4 Rc8 12. Qb3 Nf6 13. O-O Nd5 14. Rd1 Nxe3 15. fxe3 Qc6 16. Nd2 Be7 17. Rac1 Qxc1 18. Rxc1 Rxc1+ 19. Kf2 O-O 20. Qxb7 Bf6 21. Ne4 Be5 22. b3 h6 23. Qxa7 Rd8 24. Nc5 Rdd1 25. Nd3 Rf1+ 26. Kg2 Rg1+ 27. Kh3 Bf6 28. Nxc1 Rxc1 29. a4 Re1 30. a5 Rxe2 31. a6 g5 32. Qb8+ Kg7 33. a7 h5 34. g4 Rxe3+ 35. Kg2 Be5 36. Qxe5+ Rxe5 37. a8=Q hxg4 38. Qa1 f6 39. b4 Re2+ 40. Kg3 Re3+ 41. Kf2 Rf3+ 42. Kg2 Rb3 43. Qd4 e5 44. Qd7+ Kg6 45. Qe8+ Kf5 46. Qc8+ Kg6 47. Qc2+ e4 48. Qxb3 f5 49. Qe6+ Kh5 50. Qxf5 Kh6 51. Qxg4 e3 52. Kf3 Kg6 53. Kxe3 Kf6 54. h4 Ke7 55. Qxg5+ Kd6 56. h5 Kc6 57. h6 Kb6 58. h7 Kb7 59. h8=Q Ka7 60. Qhh6 Kb7 61. Qgg7+ 1-0


[Site "https://www.chess.com"]

[Event "Titled Tuesday Blitz January 31 Late 2023"]
[White "Haszon, David"]
[Black "Tinmaz, Kerem"]
[WhiteFideId "733610"]
[BlackFideId "44559151"]
[WhiteElo "2264"]
[BlackElo "2177"]
[Result "0-1"]
[Round "09"]
[TimeControl "180+2"]
[Date "2023.01.31"]
[WhiteClock "0:02:03"]
[BlackClock "0:01:00"]

1. e4 c6 2. d4 d5 3. exd5 cxd5 4. Bd3 Nc6 5. c3 Nf6 6. Bf4 g6 7. Nf3 Bf5 8. O-O e6 9. Ne5 Bd6 10. Bb5 Qc7 11. Qa4 O-O 12. Bxc6 bxc6 13. Qxc6 Qxc6 14. Nxc6 Bxf4 15. g3 Bd6 16. Na5 Rab8 17. b3 Rfc8 18. Rc1 Bxb1 19. Raxb1 Ba3 20. Rc2 Bb4 0-1


[Site "https://www.chess.com"]

[Event "Titled Tuesday Blitz January 31 Late 2023"]
[White "Rosen, Eric"]
[Black "Gonzalez, Francisco Silva"]
[WhiteFideId "2032562"]
[BlackFideId "1512285"]
[WhiteElo "2349"]
[BlackElo "2021"]
[Result "1-0"]
[Round "09"]
[TimeControl "180+2"]
[Date "2023.01.31"]
[WhiteClock "0:00:06"]
[BlackClock "0:00:02"]

1. e4 e5 2. Nf3 Nc6 3. c3 d5 4. Qa4 f6 5. Bb5 Ne7 6. exd5 Qxd5 7. O-O a6 8. Bc4 b5 9. Bxd5 bxa4 10. Bc4 Na5 11. Be2 e4 12. Ne1 Be6 13. d3 exd3 14. Nxd3 Bc4 15. Nf4 Bxe2 16. Nxe2 Ng6 17. Re1 Kf7 18. Be3 c5 19. Nd2 Rb8 20. Rab1 Bd6 21. Ne4 Rhd8 22. Red1 Nc4 23. Nxd6+ Nxd6 24. Bxc5 Nc4 25. Rxd8 Rxd8 26. Nd4 Nf4 27. b3 Rc8 28. bxc4 Rxc5 29. Rb7+ Kg6 30. g3 Nd3 31. Ne6 Rxc4 32. Rxg7+ Kf5 33. Nd4+ Ke4 34. Re7+ Kd5 35. Ne2 Kd6 36. Rxh7 a5 37. Ra7 Rc5 38. h4 Ne5 39. Kg2 Ng4 40. f3 Ne5 41. h5 Rd5 42. Ra6+ Ke7 43. Nd4 Nc4 44. h6 Kf7 45. Ra7+ Kg8 46. h7+ Kh8 47. g4 Ne3+ 48. Kg3 Nd1 49. Ne2 Rd2 50. Nf4 Rg2+ 51. Kxg2 Ne3+ 52. Kg1 Nxg4 53. Ng6# 1-0


[Site "https://www.chess.com"]

[Event "Titled Tuesday Blitz January 31 Late 2023"]
[White "Womacka, Mathias"]
[Black "Gerbelli Neto, Eduardo"]
[WhiteFideId "4611390"]
[BlackFideId "2103281"]
[WhiteElo "2396"]
[BlackElo "2114"]
[Result "1-0"]
[Round "09"]
[TimeControl "180+2"]
[Date "2023.01.31"]
[WhiteClock "0:00:34"]
[BlackClock "0:00:01"]

1. e4 e5 2. Nf3 Nc6 3. Bb5 a6 4. Bxc6 dxc6 5. O-O Bg4 6. h3 h5 7. d3 Qf6 8. Nbd2 Ne7 9. Re1 Ng6 10. d4 Bd7 11. dxe5 Nxe5 12. Nxe5 Qxe5 13. Nf3 Qe6 14. Bf4 O-O-O 15. Qd4 c5 16. Qc3 f6 17. b4 Qc6 18. bxc5 Bxc5 19. Nd4 Qb6 20. Red1 Bxd4 21. Rxd4 Bc6 22. Rad1 Bxe4 23. Rxd8+ Rxd8 24. Rxd8+ Kxd8 25. Bxc7+ Qxc7 26. Qd4+ Qd7 27. Qxe4 Qd1+ 28. Kh2 Qd6+ 29. g3 Kc7 30. h4 g5 31. Qh7+ Kb6 32. Qxh5 Qd4 33. Kg2 g4 34. Qf5 Qd1 35. h5 1-0


[Site "https://www.chess.com"]

[Event "Titled Tuesday Blitz January 31 Late 2023"]
[White "Nunez V, Gustavo Eduardo"]
[Black "Toncheva, Nadya"]
[WhiteFideId "4403690"]
[BlackFideId "2924056"]
[WhiteElo "2212"]
[BlackElo "2295"]
[Result "1/2-1/2"]
[Round "09"]
[TimeControl "180+2"]
[Date "2023.01.31"]
[WhiteClock "0:00:04"]
[BlackClock "0:00:04"]

1. e4 c5 2. Nc3 Nc6 3. g3 g6 4. Bg2 Bg7 5. d3 e6 6. Be3 Nd4 7. f4 Ne7 8. Nf3 O-O 9. O-O d5 10. exd5 exd5 11. Rb1 Nef5 12. Bf2 Be6 13. Ne2 Nxf3+ 14. Bxf3 Qc7 15. c3 Rfe8 16. Re1 Rac8 17. g4 Nd6 18. Ng3 d4 19. c4 Re7 20. Qd2 Rce8 21. Re2 Bc8 22. Rbe1 Rxe2 23. Rxe2 Qd8 24. h3 a6 25. Ne4 Nxe4 26. Rxe4 Rxe4 27. Bxe4 b5 28. b3 Qc7 29. Bg3 bxc4 30. bxc4 Qb6 31. Bd5 Be6 32. Bxe6 Qxe6 33. Kf2 h5 34. Qe2 Qd7 35. gxh5 Qxh3 36. hxg6 fxg6 37. Qe8+ Kh7 38. Qe7 Qc8 39. Bh4 Qc6 40. Bg5 Qb6 41. Kg3 Qb1 42. Qe2 Qg1+ 43. Kf3 Qh1+ 44. Qg2 Qe1 45. Kg4 Qe6+ 46. Kg3 Qe1+ 47. Qf2 Qd1 48. Qf3 Qd2 49. a4 Qc2 50. a5 Qc3 51. f5 Qe1+ 52. Kg4 Qg1+ 53. Kf4 Qh2+ 54. Kg4 Qh5+ 55. Kf4 Be5+ 56. Ke4 Qxf3+ 57. Kxf3 gxf5 58. Be7 Kg6 59. Bxc5 Kg5 60. Be7+ Kg6 61. c5 Kf7 62. Bd8 Ke6 63. c6 Bd6 64. Bb6 Bb4 65. Kf4 Bd6+ 66. Kg5 Bb4 67. c7 Kd7 68. Kxf5 Bd6 69. Ke4 Bb4 70. Kxd4 Be1 71. Kd5 Bg3 72. d4 Bf2 73. Kc5 Bg3 74. Kc4 Bf2 75. Kd5 Be1 76. Ke5 Bg3+ 77. Kf5 Be1 78. d5 Bd2 79. Kf6 Bc3+ 80. Kf7 Bb4 81. c8=Q+ Kxc8 82. Ke8 Bd6 83. Bd4 Kc7 84. Bb6+ Kc8 85. Bd8 Bb4 86. Bb6 Bd6 1/2-1/2


[Site "https://www.chess.com"]

[Event "Titled Tuesday Blitz January 31 Late 2023"]
[White "Todev, Simeon"]
[Black "Matko, Ognjen"]
[WhiteFideId "2925133"]
[BlackFideId "14509717"]
[WhiteElo "2033"]
[BlackElo "2295"]
[Result "0-1"]
[Round "09"]
[TimeControl "180+2"]
[Date "2023.01.31"]
[WhiteClock "0:00:48"]
[BlackClock "0:02:19"]

1. e4 e5 2. Nf3 Nc6 3. d4 exd4 4. Bc4 Nf6 5. O-O Be7 6. e5 Ne4 7. Bd5 Nc5 8. Nxd4 Nxd4 9. Qxd4 O-O 10. Nc3 c6 11. Bf3 d5 12. exd6 Bxd6 13. Bg5 Bxh2+ 14. Kxh2 Qxd4 15. Rad1 Qe5+ 0-1


[Site "https://www.chess.com"]

[Event "Titled Tuesday Blitz January 31 Late 2023"]
[White "Kujawski, Adam"]
[Black "Travadon, Loic"]
[WhiteFideId "1100920"]
[BlackFideId "26092131"]
[WhiteElo "2173"]
[BlackElo "2461"]
[Result "1-0"]
[Round "09"]
[TimeControl "180+2"]
[Date "2023.01.31"]
[WhiteClock "0:00:08"]
[BlackClock "0:00:21"]

1. e4 e5 2. Nf3 Nc6 3. Bb5 a6 4. Ba4 Nf6 5. O-O b5 6. Bb3 Be7 7. d4 Nxe4 8. Bd5 Nf6 9. Bxc6 dxc6 10. dxe5 Nd5 11. Nd4 Bd7 12. e6 fxe6 13. Qh5+ g6 14. Qh6 Bf8 15. Qh3 e5 16. Qg3 exd4 17. Qe5+ Qe7 18. Qxh8 c5 19. h4 O-O-O 20. Bg5 Qf7 21. Bxd8 Kxd8 22. Qe5 Bc6 23. Nd2 Nf4 24. Ne4 Bg7 25. Qg5+ Kc8 26. Rae1 h6 27. Qxc5 Qd7 28. f3 Kb7 29. c3 d3 30. Qe3 Qf5 31. Nc5+ Kc8 32. Nxd3 Nxd3 33. Qe6+ Bd7 34. Qxf5 Bxf5 35. Re3 Nxb2 36. g4 Nc4 37. Re7 Bf6 38. Re8+ Kd7 39. Rf8 Ke7 40. Rxf6 Kxf6 41. gxf5 Kxf5 42. Rd1 Kf4 43. Kf2 Ne5 44. Rd8 g5 45. Rf8+ Nf7 46. hxg5 Ke5 47. Rxf7 hxg5 48. Rxc7 Kd5 49. Ra7 Kc4 50. Rxa6 Kxc3 51. Rb6 b4 52. Kg3 Kc4 53. Kg4 Kc5 54. Rb8 1-0


[Site "https://www.chess.com"]

[Event "Titled Tuesday Blitz January 31 Late 2023"]
[White "Drnovsek, Gal"]
[Black "Garrido, Denis"]
[WhiteFideId "14607077"]
[BlackFideId "601217"]
[WhiteElo "2397"]
[BlackElo "2205"]
[Result "1-0"]
[Round "09"]
[TimeControl "180+2"]
[Date "2023.01.31"]
[WhiteClock "0:01:00"]
[BlackClock "0:00:08"]

1. e4 e5 2. Nf3 Nc6 3. d4 exd4 4. Nxd4 Bc5 5. Nb3 Bb6 6. Qe2 d6 7. Be3 Bxe3 8. Qxe3 Nf6 9. Nc3 Be6 10. O-O-O a5 11. Nd4 Nxd4 12. Qxd4 Qe7 13. f3 O-O 14. g4 a4 15. a3 Ra5 16. Kb1 Rb8 17. Bb5 Bd7 18. Bxd7 Nxd7 19. Nd5 Qd8 20. h4 Ne5 21. f4 c5 22. Qg1 Nc4 23. h5 b5 24. h6 g6 25. Qf1 Ra7 26. e5 Rab7 27. exd6 Qxd6 28. g5 Kh8 29. Nf6 Qe6 30. Qd3 Re7 31. Qd8+ Re8 32. Nxe8 Rxd8 33. Rxd8 Nxa3+ 34. bxa3 Qe7 35. Rhd1 1-0


[Site "https://www.chess.com"]

[Event "Titled Tuesday Blitz January 31 Late 2023"]
[White "Estrada Nieto, Julian"]
[Black "Ruiz Aguilar, Pablo Alexander"]
[WhiteFideId "5101018"]
[BlackFideId "4401352"]
[WhiteElo "2215"]
[BlackElo "2161"]
[Result "1-0"]
[Round "09"]
[TimeControl "180+2"]
[Date "2023.01.31"]
[WhiteClock "0:00:48"]
[BlackClock "0:00:53"]

1. e4 c5 2. Nf3 e6 3. c3 d5 4. exd5 Qxd5 5. d4 Nc6 6. Na3 cxd4 7. Nb5 Qd8 8. Nbxd4 Bd7 9. Be3 Nf6 10. Bd3 Be7 11. O-O O-O 12. Qe2 a6 13. Rad1 Nxd4 14. Bxd4 Bc6 15. Bxf6 Bxf6 16. Bxh7+ Kxh7 17. Rxd8 Rfxd8 18. Ne5 Bxe5 19. Qxe5 Rd2 20. c4 Rad8 21. h3 Rc2 22. Qf4 Kg8 23. b3 Rxa2 24. h4 Rb2 25. Qe3 Rbd2 26. h5 R8d3 27. Qf4 Rd4 28. Qe5 Rg4 29. g3 Rgd4 30. b4 Rd1 31. b5 axb5 32. cxb5 Rxf1+ 33. Kxf1 Bf3 34. Qxd4 Bxh5 35. Qd8+ Kh7 36. Qd7 Bf3 37. Qxf7 Bd5 38. b6 Kh6 39. Ke2 Kh7 40. f3 Kh6 41. Ke3 Kh7 42. g4 Kh6 43. Qh5# 1-0


[Site "https://www.chess.com"]

[Event "Titled Tuesday Blitz January 31 Late 2023"]
[White "EdmundPlayer"]
[Black "Battlecruiser_Operational"]
[WhiteElo "2313"]
[BlackElo "2419"]
[Result "1-0"]
[Round "09"]
[TimeControl "180+2"]
[Date "2023.01.31"]
[WhiteClock "0:00:13"]
[BlackClock "0:00:05"]

1. e4 e6 2. d4 d5 3. Nc3 h6 4. e5 c5 5. Nge2 Nc6 6. f4 g5 7. fxg5 hxg5 8. Be3 cxd4 9. Nxd4 Nxe5 10. Bb5+ Bd7 11. O-O Bxb5 12. Ncxb5 Bg7 13. Nf3 Ng4 14. Bc5 N4h6 15. Nd6+ Kd7 16. Qd3 Qc7 17. Ba3 Qb6+ 18. Kh1 Nf6 19. Ne5+ Kd8 20. Nexf7+ Nxf7 21. Nxf7+ Kd7 22. Nxh8 Rxh8 23. Qg6 Nh5 24. Rf7+ Kc8 25. Rxg7 Nxg7 26. Qxg7 Re8 27. Rf1 Qe3 28. h3 Kb8 29. Bd6+ Ka8 30. Rf8 Qc1+ 31. Kh2 1-0


[Site "https://www.chess.com"]

[Event "Titled Tuesday Blitz January 31 Late 2023"]
[White "Onslow, Alfie"]
[Black "Kaplan, Avi Harrison"]
[WhiteFideId "436976"]
[BlackFideId "30934559"]
[WhiteElo "2157"]
[BlackElo "2146"]
[Result "0-1"]
[Round "09"]
[TimeControl "180+2"]
[Date "2023.01.31"]
[WhiteClock "0:00:04"]
[BlackClock "0:01:34"]

1. e4 d6 2. d4 g6 3. Nf3 Bg7 4. Bc4 c5 5. dxc5 Qa5+ 6. Bd2 Qxc5 7. Qe2 Bxb2 8. Bc3 Bxa1 9. Bxa1 Nf6 10. O-O O-O 11. h3 Nc6 12. Nbd2 Be6 13. Bxe6 fxe6 14. Ng5 Qxg5 15. Qc4 Qxd2 16. Qxe6+ Rf7 17. g4 Nd4 18. Qc4 Ne2+ 19. Kh1 d5 20. exd5 Qxd5+ 21. Qxd5 Nxd5 0-1


[Site "https://www.chess.com"]

[Event "Titled Tuesday Blitz January 31 Late 2023"]
[White "QuiesPrecatio"]
[Black "Zampronha, Wladimir Camilo"]
[BlackFideId "2103087"]
[WhiteElo "2426"]
[BlackElo "2176"]
[Result "1-0"]
[Round "09"]
[TimeControl "180+2"]
[Date "2023.01.31"]
[WhiteClock "0:00:11"]
[BlackClock "0:00:01"]

1. Nf3 Nf6 2. g3 e6 3. Bg2 d5 4. O-O Be7 5. d3 O-O 6. Nbd2 b6 7. e4 Bb7 8. Re1 c5 9. e5 Nfd7 10. Nf1 Nc6 11. h4 b5 12. N1h2 a5 13. Ng4 b4 14. h5 Re8 15. Bf4 Bf8 16. Qd2 Nd4 17. h6 Nxf3+ 18. Bxf3 g6 19. Bg5 Qb6 20. Qf4 d4 21. Bxb7 Qxb7 22. Re4 a4 23. Rf1 b3 24. cxb3 axb3 25. a3 Rec8 26. Rc1 Qd5 27. Bf6 Rc6 28. Ree1 Rac8 29. Bg7 c4 30. Bxf8 Kxf8 31. dxc4 Rxc4 32. Rxc4 Rxc4 33. Nf6 Nxf6 34. Qxf6 d3 35. Rd1 d2 36. Qg5 Rc1 37. Rxc1 dxc1=Q+ 38. Qxc1 Qxe5 39. Qc8+ Ke7 40. Qb7+ Kf6 41. Qxb3 Qe1+ 42. Kg2 g5 43. Qd3 g4 44. Qxh7 Qe2 45. Qg7+ Ke7 46. Qg5+ f6 47. Qg7+ Kd6 48. Qxf6 1-0


[Site "https://www.chess.com"]

[Event "Titled Tuesday Blitz January 31 Late 2023"]
[White "Antonio, Jorge Carlos"]
[Black "Forgacs, Attila Jr."]
[WhiteFideId "113190"]
[BlackFideId "773654"]
[WhiteElo "2277"]
[BlackElo "2264"]
[Result "1-0"]
[Round "09"]
[TimeControl "180+2"]
[Date "2023.01.31"]
[WhiteClock "0:01:27"]
[BlackClock "0:00:02"]

1. e4 e5 2. f4 exf4 3. Nf3 g5 4. d4 Bg7 5. Nc3 d6 6. h4 h6 7. Bb5+ c6 8. Ba4 Nd7 9. Bb3 g4 10. Ng1 Qf6 11. Qxg4 Qxd4 12. Nf3 Qf6 13. Bxf4 Nc5 14. Qg3 Nxb3 15. axb3 Ne7 16. O-O-O O-O 17. Rxd6 Be6 18. Rhd1 Ng6 19. Be3 a5 20. h5 Ne7 21. Bd4 Nf5 22. exf5 1-0


[Site "https://www.chess.com"]

[Event "Titled Tuesday Blitz January 31 Late 2023"]
[White "Osmonbekov, Talaibek"]
[Black "Bon, Michael"]
[WhiteFideId "2017253"]
[BlackFideId "620696"]
[WhiteElo "2137"]
[BlackElo "2394"]
[Result "1-0"]
[Round "09"]
[TimeControl "180+2"]
[Date "2023.01.31"]
[WhiteClock "0:00:34"]
[BlackClock "0:00:16"]

1. d4 d5 2. Bf4 c5 3. e3 Nc6 4. Nc3 Bf5 5. Bd3 Bxd3 6. Qxd3 e6 7. Nf3 c4 8. Qe2 Bb4 9. O-O Bxc3 10. bxc3 Nf6 11. Rab1 b6 12. Bg5 h6 13. Bxf6 Qxf6 14. e4 O-O 15. Rb5 Rad8 16. Re1 Rd7 17. h3 Qd8 18. a4 Qc7 19. exd5 exd5 20. Qd2 Rfd8 21. Ne5 Re7 22. Nxc6 Rxe1+ 23. Qxe1 Qxc6 24. Qe7 Re8 25. Qxa7 Re1+ 26. Kh2 Qd6+ 27. g3 Qe6 28. Qa8+ Kh7 29. Qxd5 Qe2 30. Qf5+ Kg8 31. Rxb6 f6 32. Rb8+ Kf7 33. Rb7+ Kg8 34. a5 Qf1 35. Qd5+ Kh7 36. Qf5+ Kg8 37. Rb8+ Kf7 38. Qd5+ Kg6 39. Qg2 Qe2 40. a6 Rf1 41. a7 Rxf2 42. a8=Q Qxc2 43. Qc6 1-0


[Site "https://www.chess.com"]

[Event "Titled Tuesday Blitz January 31 Late 2023"]
[White "Fernandez, Maria Florencia"]
[Black "Slater-Jones, Henry"]
[WhiteFideId "116459"]
[BlackFideId "3222101"]
[WhiteElo "2129"]
[BlackElo "1826"]
[Result "0-1"]
[Round "09"]
[TimeControl "180+2"]
[Date "2023.01.31"]
[WhiteClock "0:00:06"]
[BlackClock "0:00:14"]

1. d4 d5 2. c4 e6 3. Nc3 Nf6 4. cxd5 exd5 5. Bg5 c6 6. e3 Bf5 7. Qb3 Qb6 8. Bxf6 gxf6 9. Nf3 Nd7 10. Nd2 Bd6 11. Be2 Qxb3 12. Nxb3 O-O 13. O-O Bg6 14. Na4 Rab8 15. Nac5 Nxc5 16. Nxc5 Rfd8 17. Rac1 Bf5 18. Bd3 Be6 19. Rc2 Bc8 20. Rfc1 Kg7 21. g3 f5 22. f3 Kf6 23. Kf2 Be6 24. Rc3 h5 25. Rb3 Bxc5 26. Rxc5 Rdc8 27. a4 h4 28. a5 Rh8 29. gxh4 Rxh4 30. Rxc6 Rxh2+ 31. Ke1 Rg8 32. Rxb7 Rg1+ 33. Bf1 Rhh1 34. Rxa7 Rxf1+ 35. Kd2 Rh2+ 36. Kc3 Rb1 37. Kb4 Rhxb2+ 38. Kc5 Rb5+ 39. Kd6 Ra1 40. a6 Rba5 41. Rb6 R1a3 42. e4 fxe4 43. fxe4 dxe4 44. d5 Rxd5+ 45. Kc6 Rda5 46. Kb7 e3 47. Rb2 Ra2 48. Rb3 e2 49. Rf3+ Kg5 50. Re3 Kf4 51. Rc3 e1=Q 52. Rc7 Qe4+ 53. Kb8 Rb2+ 54. Rab7 Rba2 55. a7 Bd5 56. Rb6 Rxa7 57. Rxa7 Rxa7 58. Kxa7 f5 59. Rb8 Ke3 60. Rb6 f4 61. Kb8 f3 62. Ra6 Ke2 63. Ra3 Kf1 64. Ra1+ Kg2 65. Rc1 f2 66. Rc7 f1=Q 67. Rg7+ Kf2 68. Rf7+ Ke1 69. Rc7 Qb5+ 70. Kc8 Qee8# 0-1


[Site "https://www.chess.com"]

[Event "Titled Tuesday Blitz January 31 Late 2023"]
[White "Ortez, Andrea"]
[Black "Backsten, Jan"]
[WhiteFideId "6702392"]
[BlackFideId "1735381"]
[WhiteElo "1961"]
[BlackElo "2029"]
[Result "1-0"]
[Round "09"]
[TimeControl "180+2"]
[Date "2023.01.31"]
[WhiteClock "0:00:03"]
[BlackClock "0:00:01"]

1. e4 e6 2. d4 d5 3. Nd2 Nf6 4. e5 Nfd7 5. Bd3 c5 6. c3 Nc6 7. Ne2 cxd4 8. cxd4 f6 9. exf6 Nxf6 10. O-O Bd6 11. Nf3 O-O 12. a3 Qc7 13. Nc3 a6 14. h3 Bd7 15. Re1 Rae8 16. Bg5 g6 17. Rc1 Bf4 18. Bxf4 Qxf4 19. Ne2 Qd6 20. Ng3 Kg7 21. b4 Re7 22. Bb1 Rfe8 23. Ne5 Qb8 24. Qd2 Nxe5 25. dxe5 Ng8 26. Qg5 Rf8 27. Nh5+ Kh8 28. Nf4 Be8 29. Qh4 Rg7 30. Nxe6 Bd7 31. Nxg7 Kxg7 32. e6 Bc6 33. Qd4+ Nf6 34. e7 Rf7 35. Ba2 Qe8 36. Bxd5 Bxd5 37. Rc7 Bc6 38. Qe5 Kg8 39. Qd6 Nd5 40. Qd8 Nf6 41. Rc8 Kg7 42. Rc7 Rxe7 43. Rexe7+ 1-0


[Site "https://www.chess.com"]

[Event "Titled Tuesday Blitz January 31 Late 2023"]
[White "Curtis, John"]
[Black "OKEKE, Isaac Chukwudalu"]
[WhiteFideId "3200256"]
[BlackFideId "8508526"]
[WhiteElo "2292"]
[BlackElo "2155"]
[Result "0-1"]
[Round "09"]
[TimeControl "180+2"]
[Date "2023.01.31"]
[WhiteClock "0:00:46"]
[BlackClock "0:00:54"]

1. d4 d5 2. Bf4 Nf6 3. e3 g6 4. Nf3 Bg7 5. c4 O-O 6. Nc3 c5 7. cxd5 Nxd5 8. Bc4 Nxf4 9. exf4 cxd4 10. Ne2 Nc6 11. O-O Bg4 12. Ng3 Qd6 13. f5 Ne5 14. Be2 d3 15. Nxe5 Bxe2 16. Nxe2 dxe2 17. Qxe2 Qxe5 18. Qf3 Qxf5 19. Qxb7 Bf6 20. Rab1 Rfb8 21. Qc6 a5 22. b3 a4 23. g3 axb3 24. Rxb3 Qa5 25. Rfb1 Rxb3 26. axb3 Rb8 27. Qc4 Qb4 28. Qd3 h5 29. h4 Kg7 30. Kg2 Rb5 31. Kg1 Rf5 32. Rc1 Bd4 33. Rf1 e5 34. Kg2 Qb7+ 35. f3 Rf6 36. Rb1 Rc6 37. Qe4 Qb5 38. Kh3 Rc3 39. b4 Qd7+ 40. g4 hxg4+ 41. Kh2 Rxf3 42. b5 Qe6 43. Qxf3 gxf3 0-1


[Site "https://www.chess.com"]

[Event "Titled Tuesday Blitz January 31 Late 2023"]
[White "Nikologorsky, Matfei"]
[Black "kiwibobo"]
[WhiteFideId "24102474"]
[WhiteElo "2182"]
[BlackElo "2087"]
[Result "1-0"]
[Round "09"]
[TimeControl "180+2"]
[Date "2023.01.31"]
[WhiteClock "0:00:07"]
[BlackClock "0:00:01"]

1. e4 e5 2. Nf3 Nc6 3. Bc4 Nf6 4. Ng5 d5 5. exd5 Na5 6. Bb5+ c6 7. dxc6 bxc6 8. Qf3 Be7 9. Bxc6+ Nxc6 10. Qxc6+ Bd7 11. Qc4 O-O 12. Nc3 Rc8 13. Qe2 Ng4 14. Nf3 Re8 15. O-O Be6 16. h3 Nh6 17. Nxe5 Bd6 18. d4 Bc4 19. Qh5 Bxf1 20. Bxh6 Bxe5 21. dxe5 gxh6 22. Rxf1 Qg5 23. Qxg5+ hxg5 24. Re1 Rc5 25. Rd1 Rcxe5 26. Kf1 Rc5 27. Rd2 Rce5 28. g3 Re1+ 29. Kg2 Ra1 30. Kf3 Rb8 31. b3 Rc8 32. Nd5 Kg7 33. c4 Rc6 34. Kg4 h6 35. Ne3 Ra6 36. Nf5+ Kg6 37. Ne7+ Kg7 38. a4 Re6 39. Nf5+ Kg6 40. Ne3 Rb1 41. Rc2 Rxb3 42. c5 Rb8 43. Rc4 Rc8 44. Nd5 f5+ 45. Kf3 Re5 46. Rd4 Rxc5 47. Ne3 Rc3 48. Rd6+ Kg7 49. Rd7+ Kf6 50. Rxa7 Re4 51. Ra6+ Ke5 52. Ra5+ 1-0


[Site "https://www.chess.com"]

[Event "Titled Tuesday Blitz January 31 Late 2023"]
[White "Desideri, Ricardo Maruchi"]
[Black "Pino Perez, Lazaro"]
[WhiteFideId "2110440"]
[BlackFideId "3517055"]
[WhiteElo "1959"]
[BlackElo "2142"]
[Result "0-1"]
[Round "09"]
[TimeControl "180+2"]
[Date "2023.01.31"]
[WhiteClock "0:01:42"]
[BlackClock "0:02:25"]

1. e4 c5 2. Nf3 g6 3. d4 cxd4 4. Nxd4 Nc6 5. Nc3 Bg7 6. Be3 Nf6 7. Bc4 O-O 8. O-O Nxe4 9. Nxc6 Nxc3 10. Nxd8 Nxd1 11. Nxf7 Nxe3 12. fxe3 d5 13. Bxd5 e6 0-1


[Site "https://www.chess.com"]